 Dungeon Crawl Stone Soup version 0.22-a0-422-g9628fc8 (webtiles) character file.

43 Borgoz the Skirmisher (level 3, -2/23 HPs)
             Began as a Gargoyle Abyssal Knight on May 16, 2018.
             Was a Follower of Lugonu.
             Slain by a worm (9 damage)
             ... on level 2 of the Dungeon.
             The game lasted 00:01:42 (647 turns).

Borgoz the Skirmisher (Gargoyle Abyssal Knight)      Turns: 647, Time: 00:01:43

Health: -2/23      AC:  6    Str: 15    XL:     3   Next: 58%
Magic:  4/4        EV: 11    Int: 12    God:    Lugonu [*.....]
Gold:   9          SH:  0    Dex: 10    Spells: 2/2 levels left

rFire    . . .     SeeInvis .   a - +1 hand axe
rCold    . . .     Gourm    .   (no shield)
rNeg     + . .     Faith    .   b - +0 leather armour
rPois    ∞         Spirit   .   (no helmet)
rElec    +         Reflect  .   (no cloak)
rCorr    .         Harm     .   (no gloves)
MR       .....                  (no boots)
Stlth    +.........             (no amulet)
HPRegen  0.07/turn              (no ring)
MPRegen  0.09/turn              (no ring)

@: no status effects
A: negative energy resistance 1, electricity resistance, unbreathing,
petrification resistance, rot immunity, AC +3
a: Depart the Abyss, Renounce Religion


You were on level 2 of the Dungeon.
You worshipped Lugonu.
Lugonu was aware of your devotion.
You were not hungry.

You visited 1 branch of the dungeon, and saw 2 of its levels.
You visited the Abyss 1 time.

You collected 9 gold pieces.

Inventory:

Hand Weapons
 a - a +1 hand axe (weapon)
Armour
 b - a +0 leather armour (worn)
Jewellery
 n - a cursed ring of loudness {unknown}
Scrolls
 d - 3 scrolls of remove curse {unknown}
 g - a scroll of enchant armour {unknown}
 i - a scroll of teleportation {unknown}
 j - a scroll of identify
 k - a scroll of enchant weapon {unknown}
Potions
 e - a potion of lignification {unknown}
 f - 3 potions of cancellation
 h - a potion of ambrosia {unknown}
 l - a potion of curing {unknown}
Comestibles
 c - 2 rations
 m - 2 chunks of flesh


   Skills:
 + Level 3.6 Fighting
 + Level 2.2 Axes
 + Level 2.7 Armour
 + Level 1.3 Dodging
 + Level 2.5 Invocations


You had 2 spell levels left.
You didn't know any spells.
Your spell library was empty.

Dungeon Overview and Level Annotations

Branches:
Dungeon (2/15)

Altars:


Innate Abilities, Weirdness & Mutations

You are resistant to torment.
Your stone body is resilient. (AC +3)
You are immune to poison.
You resist negative energy. (rN+)
You are resistant to electric shocks. (rElec)
You can survive without breathing.
You are immune to petrification.
You are immune to rotting.


Message History

You are too injured to fight recklessly!
You are too injured to fight recklessly!
You are too injured to fight recklessly!
You are too injured to fight recklessly!
You are too injured to fight recklessly!
You are too injured to fight recklessly!
You are too injured to fight recklessly!
Unknown command.
You hit the quokka.
You kill the quokka!
Lugonu accepts your kill.
You hit the worm. The worm bites you.
* * * LOW HITPOINT WARNING * * *
You hit the worm.
The worm is lightly wounded.
You hit the worm but do no damage. The worm misses you.
You hit the worm.
The worm is moderately wounded.
You hit the worm. The worm bites you!
You die...

........# .......#
.......# ......# ....5.#
#.....# #. ####ww...# #.
#...@....# #.########
###....###.# .........
####''....'...# ##........
#.........##### .........
#.........# ####.######
#.........######.(........
#..............#.##.######
#..............#.##.#
#...........†..#.##.#


You could see 2 worms and a crimson imp.

Vanquished Creatures
  An ooze (D:1)
  A dart slug (D:2)
  2 leopard geckos (D:1)
  An orc (D:2)
  5 bats
  A giant cockroach (D:1)
  3 hobgoblins
  5 jackals (D:1)
  A quokka (D:2)
  6 kobolds
  4 rats (D:1)
30 creatures vanquished.

Notes
Turn   | Place    | Note
-------+----------+-------------------------------------------
     0 | Abyss:1  | Borgoz the Gargoyle Abyssal Knight began the quest for the Orb.
     0 | Abyss:1  | Reached XP level 1. HP: 14/14 MP: 2/2
   131 | Abyss:2  | Noticed a chaos spawn
   135 | D:1      | Escaped the Abyss
   173 | D:1      | Reached skill level 1 in Dodging
   173 | D:1      | Reached XP level 2. HP: 17/19 MP: 3/3
   176 | D:1      | Reached * piety under Lugonu
   227 | D:1      | Reached XP level 3. HP: 21/23 MP: 4/4
   647 | D:2      | Slain by a worm

Vault maps used:
D:1:      lemuel_arrival_behind_the_door_small
D:2:      grunt_gozag_breadcrumbs
Abyss:2:  evilmike_abyss_exit_17

Skill      XL: |  1  2 |
---------------+-------+-----
Dodging        | 1 |  1.3
Axes           | 2 |  2.2
Fighting       | |  3.6
Armour         | |  2.7
Invocations    | |  2.5

Action                   || total
-------------------------++-------
Melee: Hand axe          ||    88
Invok: Depart the Abyss  ||     1
  Use: Scroll            ||     2
Armor: Leather armour    ||    38
Dodge: Dodged            ||    67

Table legend:
 A = Spawn XP
 B = Non-spawn XP
 C = Spawn XP percentage of total XP
 D = Spawn monster count
 E = Non-spawn monster count
 F = Spawn count percentage of total count
 G = Total turns spent on level
                    A         B        C        D         E        F      G
               +---------+---------+-------+---------+---------+-------+---------
         Total |       0 |      62 |   0.0 |       0 |      30 |   0.0 |   647
               +---------+---------+-------+---------+---------+-------+---------
           D:1 |       0 |      44 |   0.0 |       0 |      22 |   0.0 |   360
           D:2 |       0 |      18 |   0.0 |       0 |       8 |   0.0 |   152
               +---------+---------+-------+---------+---------+-------+---------
